 Dungeon Crawl Stone Soup version 0.31.0-11-ge490571c62 (webtiles) character file.

Game seed: 14155335351479931740

1486 browni3141 the Blocker (level 8, -5/71 HPs)
             Began as a Minotaur Fighter on Jan 27, 2024.
             Killed from afar by an electric eel (13 damage)
             ... with a bolt of electricity
             ... on level 6 of the Dungeon.
             The game lasted 00:02:39 (3637 turns).

browni3141 the Blocker (Minotaur Fighter)           Turns: 3637, Time: 00:02:39

Health: -5/71      AC:  9    Str: 23    XL:     8   Next: 50%
Magic:  7/7        EV: 23    Int:  5    God:
Gold:   172        SH:  6    Dex: 10    Spells: 7/7 levels left

rFire   + . .        a - +0 war axe
rCold   + . .        c - +0 buckler
rNeg    . . .        p - +0 chain mail
rPois   .            (helmet restricted)
rElec   .            o - scarf {rC+ rF+}
rCorr   .            (no gloves)
SInv    .            (no boots)
Will    .....        j - amulet of the acrobat Stlth
                     (no ring)
HPRegen 0.31/turn    (no ring)
MPRegen 0.10/turn

%: acrobat
@: acrobatic
A: horns 2, retaliatory headbutt
a: no special abilities


You were on level 6 of the Dungeon.
You visited 1 branch of the dungeon, and saw 7 of its levels.

You collected 172 gold pieces.

Inventory:

Hand Weapons
 a - a +0 war axe (weapon)
Missiles
 r - 6 curare-tipped darts (quivered)
Armour
 b - a +0 scale mail
 c - a +0 buckler (worn)
 h - a +0 tower shield
 o - a scarf of resistance (worn)
 p - a +0 chain mail (worn)
Jewellery
 j - an amulet of the acrobat (around neck)
 u - a +6 ring of dexterity
Wands
 s - a wand of flame (44)
Scrolls
 e - a scroll of enchant armour {unknown}
 f - a scroll of identify {unknown}
 i - a scroll of fog {unknown}
 q - a scroll of teleportation {unknown}
 v - a scroll of butterflies {unknown}
 w - 2 scrolls of amnesia {unknown}
Potions
 d - a potion of haste {unknown}
 g - a potion of magic {unknown}
 k - a potion of berserk rage {unknown}
 l - a potion of cancellation {unknown}
 m - 6 potions of degeneration
 n - a potion of mutation {unknown}
 t - a potion of ambrosia


   Skills:
 + Level 6.7 Fighting
 * Level 8.5 Axes
 - Level 3.6 Armour
 * Level 8.8 Shields


You had 7 spell levels left.
You didn't know any spells.
Your spell library was empty.

Dungeon Overview and Level Annotations

Branches:
Dungeon (7/15)
 Temple: D:4-7

Altars:
Makhleb
Xom
Zin
The Shining One

Shops:
D:1 (***!

Annotations:
D:6 exclusion: door


Innate Abilities, Weirdness & Mutations

You have a pair of horns on your head.
You reflexively headbutt those who attack you in melee.


Message History

The wraith hits you. The wraith drains your vigour!
You feel as though you will be slow longer.
You block the wraith's attack.
You barely miss the wraith. Your headbutt misses the wraith.
The wraith is moderately damaged.
The wraith hits you! The wraith drains your vigour!
You feel as though you will be slow longer.
You hit the wraith but do no damage.
The wraith is moderately damaged.
The wraith hits you but does no damage. The wraith closely misses you.
You slash the wraith!
The wraith is severely damaged.
The wraith barely misses you. The wraith hits you!
The wraith drains your vigour!
You feel as though you will be slow longer.
You closely miss the wraith.
The wraith is severely damaged.
The wraith hits you but does no damage.
Your unstable footing causes you to fumble your attack.
The wraith hits you but does no damage. You block the wraith's attack.
You slash the wraith!
The wraith is almost destroyed.
The wraith closely misses you.
You hit the wraith but do no damage. Your headbutt misses the wraith.
The wraith is almost destroyed.
The wraith completely misses you. The wraith hits you!
The wraith drains your vigour!
You feel as though you will be slow longer.
You barely miss the wraith.
The wraith is almost destroyed.
The wraith completely misses you. x2
You hit the wraith. Your headbutt misses the wraith.
The wraith is almost destroyed.
The wraith hits you but does no damage.
You hit the wraith. Your headbutt misses the wraith.
The wraith is almost destroyed.
The wraith barely misses you. The wraith hits you.
The wraith drains your vigour!
You feel as though you will be slow longer.
You hit the wraith but do no damage. Your headbutt misses the wraith.
The wraith is almost destroyed.
The wraith hits you. The wraith drains your vigour!
You feel as though you will be slow longer.
The wraith barely misses you.
You hit the wraith. Your headbutt misses the wraith.
The wraith is almost destroyed.
You block the wraith's attack. The wraith hits you.
The wraith drains your vigour!
You feel as though you will be slow longer.
You closely miss the wraith.
The wraith is almost destroyed.
The wraith hits you. The wraith drains your vigour!
You feel as though you will be slow longer.
Your unstable footing causes you to fumble your attack.
The wraith barely misses you. x2; You furiously retaliate!
You headbutt the wraith!
You destroy the wraith!
You feel yourself speed up.
Key pressed, stopping explore.
You open the door.
The electric eel shoots out a bolt of lightning at you!
The bolt of electricity hits the plant!
The plant begins to die.
The bolt of electricity hits you!
The electric eel shoots out a bolt of lightning at you!
The bolt of electricity hits the plant.
The plant begins to die.
The bolt of electricity hits you!
There are monsters nearby!
There are monsters nearby!
Aiming: Throw Flame
Press: ? - help, Shift-Dir - straight line, f - electric eel
Aim: an electric eel (48% to hit)
Your line of fire to the electric eel is blocked by a plant.
Press: ? - help, . - travel You can't see that place. [the floor.]
You enter the shallow water.
Moving in this stuff is going to be slow.
You see here a hound skeleton.
You open the door.
The electric eel shoots out a bolt of lightning at you!
The bolt of electricity hits the electric eel.
The electric eel completely resists.
The bolt of electricity hits the plant.
The plant begins to die.
The bolt of electricity hits you!
The electric eel shoots out a bolt of lightning at you!
The bolt of electricity misses you.
There is an open door here.
Aiming: Throw Flame
Press: ? - help, Shift-Dir - straight line The puff of flame hits the electric eel.
The electric eel is moderately wounded.
The electric eel is engulfed in a cloud of scalding steam.
You kill the electric eel!
The electric eel shoots out a bolt of lightning at you!
The bolt of electricity hits the plant!
The bolt of electricity misses you. The bolt of electricity hits you!
The electric eel shoots out a bolt of lightning at you!
The bolt of electricity hits the plant!
The bolt of electricity hits you! x2
The electric eel shoots out a bolt of lightning at you!
The bolt of electricity hits the plant!
The bolt of electricity hits you!
You die...

##########
##~~~~~...##
##~########.##
#.##≈SSP..##~#
#.#≈≈.§P...#~#
#.#≈.?.....#~#
#)#≈≈$.P..'#÷#
#####~##≈.?...#@.#
##.##~##########~##
##.#~##≈[....##~~#
...#.#≈≈SPP...#~##
...#.#SS.~....#~#
.###.#≈S[~P..'#.#
####'##≈$)P. #..#
###...###### #.##
.##..## ###


You could see 2 electric eels.

Vanquished Creatures
  Sigmund (D:4)
  A wraith (D:6)
  Edmund (D:4)
  A centaur (D:5)
  A bullfrog (D:6)
  2 kobold brigands (D:5)
  2 scorpions
  An electric eel (D:6)
  A jelly (D:5)
  4 hounds
  2 orc priests
  Ijyb (D:5)
  Natasha (twice) (D:4)
  4 iguanas
  A sleepcap (D:7)
  2 orc wizards (D:6)
  3 adders
  6 gnolls
  A shadow imp (D:5)
  2 ufetubi (D:5)
  A dart slug (D:4)
  10 orcs
  3 ball pythons
  2 endoplasms
  A giant cockroach (D:4)
  2 goblins
  21 kobolds
  2 bats (D:1)
  3 frilled lizards
  A rat (D:1)
85 creatures vanquished.

Notes
Turn   | Place    | Note
-------+----------+-------------------------------------------
     0 | D:1      | browni3141 the Minotaur Fighter began the quest for the
                  | Orb.
     0 | D:1      | Reached XP level 1. HP: 19/19 MP: 0/0
    64 | D:1      | Found Gesykh's Assorted Antiques.
   154 | D:1      | Found Ypudax's Weapon Shoppe.
   188 | D:1      | Found Qasod's General Store.
   364 | D:1      | Found Qassask's Distillery.
   462 | D:1      | Found Fucelo Siosh's General Store.
   519 | D:1      | Reached XP level 2. HP: 27/27 MP: 1/1
   636 | D:4      | Found a glowing golden altar of the Shining One.
   704 | D:4      | Noticed Natasha
   711 | D:4      | Killed Natasha
   712 | D:4      | Reached XP level 3. HP: 17/33 MP: 2/2
   869 | D:4      | Noticed Sigmund
   887 | D:4      | Killed Sigmund
   888 | D:4      | Reached skill level 5 in Axes
   888 | D:4      | Reached skill level 5 in Shields
   888 | D:4      | Reached XP level 4. HP: 11/41 MP: 3/3
   888 | D:4      | Reached XP level 5. HP: 13/47 MP: 4/4
  1027 | D:4      | Noticed Edmund
  1033 | D:4      | Killed Edmund
  1034 | D:4      | Reached skill level 5 in Fighting
  1034 | D:4      | Reached XP level 6. HP: 19/56 MP: 5/5
  1170 | D:4      | Noticed Natasha
  1175 | D:4      | Killed Natasha
  1563 | D:4      | Reached XP level 7. HP: 54/61 MP: 6/6
  1868 | D:5      | Entered Level 5 of the Dungeon
  1966 | D:5      | Found a shimmering altar of Xom.
  2356 | D:5      | Found a burning altar of Makhleb.
  2362 | D:5      | Found a glowing silver altar of Zin.
  2362 | D:5      | Noticed a cacodemon
  2362 | D:5      | Noticed an angel
  2786 | D:5      | Noticed Ijyb
  2792 | D:5      | Killed Ijyb
  2889 | D:6      | Reached XP level 8. HP: 61/70 MP: 7/7
  2984 | D:7      | HP: 3/71 [sleepcap (8)]
  3637 | D:6      | Killed from afar by an electric eel

Illustrated notes

Levels and vault maps discovered:
D:1:      lemuel_arrival_muddy, layout_basic,
          shapermc_ecumenical_altar_mp_urbaneastern, serial_shops, shop,
          nicolae_shop_industrial_runoff, nicolae_shop_advertising_works
          [nicolae_subvault_shop_adworks], nicolae_shop_back_alley_shop,
          nicolae_shop_overgrown_old_shop, hangedman_abyss_or_decor_lesser_grid,
          hangedman_decor_opposing
D:2:      layout_loops_ring, uniq_crazy_yiuf_cottage, uniq_robin
D:3:      layout_loops_ring
D:4:      layout_layer_cave, lemuel_crystal_altar, sigmund_edmund_badplayer,
          uniq_natasha
D:5:      kennysheep_kobold_camp, layout_basic,
          grunt_temple_overflow_order_and_chaos_2,
          mainiacjoe_overflow_boulevard, blue_anna_alchemist, uniq_ijyb
D:6:      cheibrodos_two_vegetables, layout_cave_pools,
          gammafunk_temple_overflow_statue, hangedman_decor_points,
          uniq_eustachio
D:7:      layout_basic, dancing_weapons_uskayaw, cheibriados_altar_1,
          minmay_temple_entry_tees

Skill      XL: |  1  2  3  4  5  6  7  8 |
---------------+-------------------------+-----
Axes           | 3 5 6 7 8 |  8.5
Fighting       | 4 5 6 |  6.7
Shields        | 4 5 6 7 8 |  8.8
Armour         | |  3.6

Action                     |  1- 3 |  4- 6 |  7- 9 || total
---------------------------+-------+-------+-------++-------
  Melee: War axe           |    40 |    40 |   123 ||   203
         Headbutt          |     2 |     5 |    18 ||    25
  Evoke: Wand              |       |       |     1 ||     1
    Use: Potion            |     1 |     1 |       ||     2
 Armour: Scale mail        |    37 |    24 |       ||    61
         Chain mail        |       |       |   127 ||   127
  Dodge: Dodged            |    30 |    16 |    68 ||   114
  Block: Buckler           |     9 |    10 |    38 ||    57
